 Dungeon Crawl Stone Soup version 0.29-a0-878-g7b45a56547 (webtiles) character file.

Game seed: 11269314332240680788

6526 Destapler the Fighter (level 10, -3/136 HPs)
             Began as a Red Draconian Conjurer on July 19, 2022.
             Was an Elder of Wu Jian.
             Slain by a two-headed ogre
             ... wielding the +10 dark maul {vorpal}
              (29 damage)
             ... on level 8 of the Dungeon on July 20, 2022.
             The game lasted 01:07:54 (11675 turns).

Destapler the Fighter (Red Draconian Conjurer)     Turns: 11675, Time: 01:07:55

Health: -3/136     AC: 25    Str: 11    XL:     10   Next: 69%
Magic:  4/19       EV:  2    Int: 26    God:    Wu Jian [****..]
Gold:   639        SH:  0    Dex: 11    Spells: 14/21 levels left

rFire   . . .      SeeInvis .   l - +3 dagger (holy)
rCold   . . .      Faith    .   (no shield)
rNeg    . . .      Spirit   .   (body armour unavailable)
rPois   +          Reflect  .   (helmet currently unavailable)
rElec   .          Harm     .   (cloak currently unavailable)
rCorr   .          Rampage  .   (gloves currently unavailable)
Will    .....      NoTele   +   (boots currently unavailable)
Stlth   +++.......              y - amulet of regeneration
HPRegen 1.12/turn               f - +6 ring of intelligence
MPRegen 0.16/turn               (no ring)

@: short of breath, tree-form
A: stationary, stasis, torment immunity, boosted hp, (breathe fire), AC +7,
unfitting armour, (fire resistance 1), (cold-blooded)
a: Renounce Religion, Wall Jump, Serpent's Lash


You were on level 8 of the Dungeon.
You worshipped Wu Jian.
Wu Jian was greatly pleased with you.
You were a tree.
You visited 1 branch of the dungeon, and saw 8 of its levels.

You collected 639 gold pieces.

Inventory:

Hand Weapons
 b - a +0 club
 g - a +0 dagger
 l - a +3 dagger of holy wrath (weapon)
 E - a +2 vorpal hand axe
 H - a +3 vorpal spear
Missiles
 C - 2 throwing nets
Armour
 x - a +0 kite shield
 B - a +0 cloak (melded)
Magical Staves
 w - a staff of cold
Jewellery
 f - a +6 ring of intelligence (left branch)
 i - a +6 ring of dexterity
 p - a +6 ring of strength
 v - a ring of ice
 y - an amulet of regeneration (around neck)
 F - a ring of protection from fire
 G - a ring of flight
Wands
 u - a wand of polymorph (3)
 z - a wand of roots (8)
 D - a wand of flame (30)
Scrolls
 d - 4 scrolls of teleportation
 k - 2 scrolls of enchant weapon
 q - a scroll of fear
 t - a scroll of immolation
 I - a scroll of blinking {unknown}
 J - a scroll of vulnerability {unknown}
 K - a scroll of identify
Potions
 a - a potion of magic
 c - 5 potions of flight
 e - 2 potions of resistance
 h - a potion of degeneration {unknown}
 j - a potion of might {unknown}
 m - 3 potions of ambrosia
 n - 2 potions of haste
 o - 2 potions of curing
 r - 2 potions of attraction
 s - 2 potions of lignification


   Skills:
 + Level 9.1 Fighting
 - Level 5.0 Short Blades
 - Level 2.0 Axes
 + Level 2.3 Throwing
 - Level 6.0 Dodging
 - Level 6.5 Stealth
 + Level 2.5 Shields
 - Level 6.0 Spellcasting
 + Level 4.9 Conjurations
 - Level 4.0 Fire Magic
 - Level 3.0 Evocations


You had 14 spell levels left.
You knew the following spells:

 Your Spells              Type           Power      Damage    Failure   Level
a - Magic Dart            Conj           100%       1d8       1%          1
b - Searing Ray           Conj           66%        2d6       1%          2
c - Sticky Flame          Conj/Fire      31%        2d5       11%         4

Your spell library contained the following spells:

 Spells                   Type           Power      Damage    Failure   Level
 Static Discharge         Conj/Air       20%        3-6/arc   3%          2
 Dazzling Flash           Conj/Hex       40%        N/A       8%          3
 Fulminant Prism          Conj/Hex       10%        3d9       26%         4
 Iskenderun's Mystic Bla  Conj/Tloc      20%        2d6       26%         4
 Dispel Undead            Necr           7%         3d8       56%         4


Dungeon Overview and Level Annotations

Branches:
Dungeon (8/15)             Temple (0/1) D:5
   Lair: D:8-11

Altars:
Ashenzari
Gozag
Ru
Sif Muna
Trog
Uskayaw
Wu Jian
Xom
Zin


Innate Abilities, Weirdness & Mutations

You are a tree.
Your roots penetrate the ground, keeping you stationary.
You cannot be teleported.
You are immune to unholy pain and torment.
Your maximum health is greatly increased.
Your equipment is partially melded.
((You can breathe blasts of fire.))
((Your fiery red scales are hard. (AC +7)))
You cannot fit into any form of body armour.
((Your flesh is heat resistant. (rF+)))
((You are cold-blooded and may be slowed by cold attacks.))


Message History

The two-headed ogre burns!
Really quaff the potion of lignification?
You turn into a tree.
Your +0 cloak melds into your body.
Your roots penetrate the ground.
The two-headed ogre burns!
The two-headed ogre stops burning.
The two-headed ogre hits you with the +10 dark maul {vorpal}!!!
* * * LOW HITPOINT WARNING * * *
x2 The two-headed ogre hits you but does no damage.
You barely miss the two-headed ogre.
The two-headed ogre is heavily wounded.
Unknown command.
Casting: Magic Dart (safe; 1% risk of failure)
Confirm with . or Enter, or press ? or * to list all spells.
Aiming: Sticky Flame (dangerous; 11% risk of failure)
Press: ? - help, Shift-Dir - straight line, f/p - two-headed ogre
Aim: a two-headed ogre, wielding the +10 dark maul {vorpal} and a +0 dire flail (heavily wounded, 100% to hit)
The sticky flame hits the two-headed ogre.
The two-headed ogre is heavily wounded.
The two-headed ogre is covered in liquid flames!
The two-headed ogre burns!
The two-headed ogre hits you with the +10 dark maul {vorpal}!
* * * LOW HITPOINT WARNING * * *
x2 The two-headed ogre hits you but does no damage.
You feel much better.
The two-headed ogre burns!
The two-headed ogre hits you with the +10 dark maul {vorpal}.
* * * LOW HITPOINT WARNING * * *
x2 The two-headed ogre hits you but does no damage.
Okay, then.
Casting: Sticky Flame (dangerous; 11% risk of failure)
Confirm with . or Enter, or press ? or * to list all spells.
Aiming: Searing Ray (safe; 1% risk of failure)
Press: ? - help, Shift-Dir - straight line, f/p - two-headed ogre
Aim: a two-headed ogre, wielding the +10 dark maul {vorpal} and a +0 dire flail (heavily wounded, covered in liquid flames, 93% to hit)
The searing ray hits the two-headed ogre.
The two-headed ogre is severely wounded. (Press . to maintain the ray.)
The two-headed ogre burns!
The two-headed ogre stops burning.
The searing ray misses the two-headed ogre.
The two-headed ogre hits you with the +10 dark maul {vorpal}!!
You die...

##### ##...# #....#
#.#''# #.#o.#
###O#..#..#
#.♣.#..#..# .
#.#.#..#..# .#
#.###.O#..# O..
#...#..#..# .#.#
#.###..#..# ..O.. #.#
#..'..#......
###)###.)'O........
#.....###############
#>...................


You could see a two-headed ogre.

Vanquished Creatures
  A centaur warrior (D:8)
  A two-headed ogre (D:8)
  Pikel (D:5)
  A manticore (D:8)
  Grinder (D:3)
  Sigmund (D:3)
  A shadow (D:8)
  2 wyverns
  5 yaks (D:8)
  A wraith (D:6)
  Eustachio (D:4)
  Duvessa (D:5)
  3 orc warriors
  A sky beast (D:7)
  An ogre (D:7)
  2 centaurs
  2 lemures
  A kobold brigand (D:6)
  Blork the orc (D:5)
  2 gnoll sergeants
  2 necrophages
  3 scorpions
  5 wights (D:8)
  Dowan (D:6)
  2 gnoll boudas
  2 hounds
  Crazy Yiuf (D:4)
  7 orc priests
  Jessica (D:3)
  Ijyb (D:4)
  3 iguanas
  Natasha (thrice) (D:2)
  6 orc wizards
  Robin (D:4)
  5 adders
  21 gnolls
  A shadow imp (D:6)
  2 white imps
  2 ufetubi (D:4)
  A worm (D:5)
  26 orcs
  2 endoplasms (D:1)
  3 giant cockroaches
  14 goblins
  7 hobgoblins
  3 jackals
  10 kobolds
  6 quokkas
  7 ball pythons
  3 bats
  5 frilled lizards
  10 rats
196 creatures vanquished.

Notes
Turn   | Place    | Note
-------+----------+-------------------------------------------
     0 | D:1      | Destapler the Draconian Conjurer began the quest for the
                  | Orb.
     0 | D:1      | Reached XP level 1. HP: 14/14 MP: 3/3
   256 | D:1      | Reached XP level 2. HP: 22/22 MP: 3/5
   486 | D:1      | Reached skill level 1 in Fighting
   965 | D:1      | Found a faded altar of an unknown god.
  1699 | D:2      | Reached XP level 3. HP: 20/28 MP: 6/6
  1754 | D:1      | Prayed at the altar of an unknown god.
  1754 | D:1      | Became a worshipper of the Wu Jian Council
  1754 | D:1      | Reached * piety under Wu Jian
  2137 | D:2      | Noticed Natasha
  2150 | D:2      | Killed Natasha
  2151 | D:2      | Reached XP level 4. HP: 15/36 MP: 0/7
  2351 | D:2      | Noticed Natasha
  2358 | D:2      | Killed Natasha
  2359 | D:2      | Reached skill level 2 in Fighting
  2376 | D:2      | Noticed Natasha
  2413 | D:2      | Killed Natasha
  2884 | D:2      | Found a hide-covered altar of Uskayaw.
  2977 | D:3      | Noticed Grinder
  3149 | D:3      | Noticed Sigmund
  3151 | D:3      | Noticed Jessica
  3170 | D:3      | Killed Sigmund
  3171 | D:3      | Reached skill level 3 in Fighting
  3171 | D:3      | Reached XP level 5. HP: 20/45 MP: 4/10
  3171 | D:3      | Reached XP level 6. HP: 22/51 MP: 4/11
  3358 | D:3      | Killed Jessica
  3358 | D:3      | Reached ** piety under Wu Jian
  3367 | D:3      | Found a shimmering blue altar of Sif Muna.
  4406 | D:4      | Noticed Eustachio
  4539 | D:4      | Noticed Robin
  4547 | D:4      | Killed Robin
  4625 | D:4      | Your scales start taking on a fiery red colour.
  4625 | D:4      | Reached XP level 7. HP: 58/58 MP: 1/12
  4625 | D:4      | Gained mutation: Your flesh is heat resistant. (rF+) [Red
                  | Draconian growth]
  4767 | D:4      | Noticed Ijyb
  4779 | D:4      | Killed Ijyb
  4911 | D:5      | Entered Level 5 of the Dungeon
  4940 | D:3      | Reached skill level 4 in Fighting
  4969 | D:3      | Paralysed by Grinder for 4 turns
  4976 | D:3      | Killed Grinder
  5076 | D:5      | Noticed Blork the orc
  5079 | D:5      | Killed Blork the orc
  5085 | D:5      | Found a staircase to the Ecumenical Temple.
  5330 | D:5      | Reached XP level 8. HP: 47/67 MP: 8/14
  5458 | D:5      | Reached skill level 5 in Stealth
  5546 | D:5      | Reached *** piety under Wu Jian
  5778 | D:4      | Killed Eustachio
  5779 | D:4      | Reached skill level 5 in Fighting
  5950 | D:4      | Found a runed translucent door.
  5951 | D:4      | Noticed Crazy Yiuf
  6003 | D:4      | Found an ornate altar of the Wu Jian Council.
  6052 | D:4      | Killed Crazy Yiuf
  6366 | D:5      | Found a bloodstained altar of Trog.
  7097 | D:6      | Reached skill level 5 in Spellcasting
  7455 | D:4      | Reached skill level 5 in Dodging
  7616 | D:6      | Noticed Pikel
  7635 | D:5      | Killed Pikel
  7636 | D:5      | Reached skill level 6 in Fighting
  7820 | D:6      | Noticed Dowan
  7822 | D:6      | Noticed Duvessa
  7837 | D:6      | Killed Dowan
  7881 | D:5      | Killed Duvessa
  7882 | D:5      | Reached XP level 9. HP: 39/75 MP: 13/17
  8265 | D:6      | Learned a level 2 spell: Searing Ray
  9078 | D:6      | Reached skill level 1 in Fire Magic
  9125 | D:7      | Reached **** piety under Wu Jian
  9177 | D:7      | Reached skill level 1 in Short Blades
  9177 | D:7      | Reached skill level 1 in Evocations
  9283 | D:7      | Reached skill level 7 in Fighting
  9894 | D:7      | Found a sacrificial altar of Ru.
  9894 | D:7      | Found a hide-covered altar of Uskayaw.
 10367 | D:8      | Found a broken altar of Ashenzari.
 10387 | D:8      | Noticed a manticore
 10393 | D:8      | Noticed a centaur warrior
 10444 | D:8      | Killed a manticore
 10445 | D:8      | Reached skill level 5 in Short Blades
 10445 | D:8      | Reached XP level 10. HP: 42/86 MP: 15/19
 10917 | D:8      | Reached skill level 8 in Fighting
 11185 | D:7      | Learned a level 4 spell: Sticky Flame
 11192 | D:8      | Killed a centaur warrior
 11193 | D:8      | Reached skill level 1 in Axes
 11193 | D:8      | Reached skill level 1 in Throwing
 11193 | D:8      | Reached skill level 1 in Shields
 11349 | D:8      | Found an opulent altar of Gozag.
 11360 | D:8      | Found a shimmering altar of Xom.
 11364 | D:8      | Noticed an angel
 11366 | D:8      | Found a glowing silver altar of Zin.
 11575 | D:8      | Noticed a two-headed ogre
 11605 | D:8      | Noticed a two-headed ogre
 11629 | D:8      | Killed a two-headed ogre
 11630 | D:8      | Reached skill level 9 in Fighting
 11672 | D:8      | HP: 5/136 [two-headed ogre/the +10 dark maul {vorpal} (5)]
 11675 | D:8      | Slain by a two-headed ogre

Illustrated notes

Levels and vault maps discovered:
D:1:      ncdulo_halloftheorcs, layout_basic,
          hellmonk_ecumenical_altar_crossroads
D:2:      layout_basic, basic_altar, uniq_natasha
D:3:      layout_loops_ring, tgw_sif, hangedman_decor_push, uniq_sigmund,
          uniq_grinder
D:4:      layout_loops_ring, general_overflow_altar, kennysheep_nub,
          hangedman_feature_mirror, uniq_eustachio, uniq_crazy_yiuf_cottage,
          uniq_ijyb, uniq_robin
D:5:      layout_layer_cave, trog_three_pillars_becter,
          minmay_temple_entry_arrows, kennysheep_path_1, uniq_blork_the_orc
D:6:      layout_loops_ring, uniq_pikel, uniq_duvessa
D:7:      layout_layer_cave, nicolae_overflow_two_pavilions
D:8:      minmay_curly_fans, layout_basic,
          grunt_temple_overflow_order_and_chaos_1, grunt_gozag_statues,
          cheibrodos_ashenzari_chains, minmay_misc_feat_rugged,
          hellmonk_guarded_unrand_dark_maul

Skill      XL: |  1  2  3  4  5  6  7  8  9 10 |
---------------+-------------------------------+-----
Stealth        | 2 3 4 6 |  6.5
Dodging        | 2 3 4 5 6 |  6.0
Fighting       | 1 3 4 6 7 9 |  9.1
Spellcasting   | 3 4 5 6 |  6.0
Fire Magic     | 4 |  4.0
Short Blades   | 5 |  5.0
Evocations     | 3 |  3.0
Axes           | 2 |  2.0
Throwing       | 2 |  2.3
Shields        | 2 |  2.5
Conjurations   | |  4.9

Action                   |  1- 3 |  4- 6 |  7- 9 | 10-12 || total
-------------------------+-------+-------+-------+-------++-------
Melee: Unarmed           |     4 |       |       |       ||     4
       Club              |    26 |       |       |       ||    26
       Dagger            |    16 |    73 |    72 |    29 ||   190
       Tailslap          |     4 |     5 |    15 |     5 ||    29
       Punch             |       |     1 |       |       ||     1
 Cast: Magic Dart        |    57 |    94 |   231 |    58 ||   440
       Searing Ray       |       |       |     4 |     4 ||     8
       Sticky Flame      |       |       |       |     5 ||     5
Invok: Lunge             |     1 |     4 |     7 |     2 ||    14
       Whirlwind         |       |     9 |     4 |     3 ||    16
       Serpent's Lash    |       |       |     1 |       ||     1
 Abil: Breathe Fire      |       |       |    39 |    15 ||    54
       Wall Jump         |       |       |     1 |       ||     1
  Use: Potion            |       |     4 |     2 |     2 ||     8
       Scroll            |       |       |     9 |       ||     9
 Stab: Sleeping          |     1 |     3 |     3 |       ||     7
       Distracted        |       |       |       |     1 ||     1
Armor: Skin              |    20 |    24 |    43 |    19 ||   106
Dodge: Dodged            |    48 |    57 |   127 |    53 ||   285

Table legend: (Time is in decaauts)
 A = Elapsed time spent in this place.
 B = Non-inter-level travel time spent in this place.
 C = Inter-level travel time spent in this place.
 D = Time resting spent in this place.
 E = Time spent auto-exploring this place.
 F = Levels seen in this place.
 G = Mean time per level.
                   A        B        C        D        E       F      G
               +--------+--------+--------+--------+--------+-----+--------+
         Total |  11705 |  10966 |    739 |   1657 |   7090 |   8 | 1463.1 |
       Dungeon |  11705 |  10966 |    739 |   1657 |   7090 |   8 | 1463.1 |
               +--------+--------+--------+--------+--------+-----+--------+

Top non-repeatable levels by time:
     D:1: 1859 daAuts
     D:5: 1818 daAuts
     D:7: 1599 daAuts
     D:4: 1420 daAuts
     D:6: 1392 daAuts
     D:8: 1312 daAuts
     D:3: 1202 daAuts
     D:2: 1099 daAuts
